 Dungeon Crawl Stone Soup version 0.23-a0-242-g2b5ca64 (webtiles) character file.

3251 mandick the Transmogrifier (level 9, -30/48 HPs)
             Began as a Vine Stalker Transmuter on Sept 28, 2018.
             Was a Priest of Makhleb.
             Annihilated by a large slime creature (40 damage)
             ... on level 6 of the Dungeon on Sept 29, 2018.
             The game lasted 00:33:59 (7443 turns).

mandick the Transmogrifier (VSTm)                   Turns: 7443, Time: 00:34:00

Health: -30/48     AC:  1    Str: 17    XL:     9   Next: 99%
Magic:  0/13       EV: 13    Int: 13    God:    Makhleb [***...]
Gold:   426        SH:  3    Dex: 14    Spells: 4/12 levels left

rFire    + . .     SeeInvis .     - Unarmed
rCold    . . .     Gourm    .   (shield currently unavailable)
rNeg     . . .     Faith    .   z - +1 steam dragon scales
rPois    .         Spirit   +   (no helmet)
rElec    .         Reflect  +   (no cloak)
rCorr    .         Harm     .   (gloves currently unavailable)
MR       +....                  A - +2 pair of boots {Fly}
Stlth    +.........             y - +3 amulet of reflection
HPRegen  0.56/turn              c - ring of protection from fire
MPRegen  0.13/turn              w - ring of wizardry

@: blade hands, corroded
A: fangs 3, regeneration 1, magic shield, antimagic bite, no potion heal 3, rot
immunity
a: End Transformation, Minor Destruction, Lesser Servant of Makhleb, Renounce
Religion, Evoke Flight


You were on level 6 of the Dungeon.
You worshipped Makhleb.
Makhleb was most pleased with you.
You were very hungry.
You had blades for hands.
You visited 1 branch of the dungeon, and saw 6 of its levels.

You collected 426 gold pieces.

Inventory:

Hand Weapons
 a - a +0 blowgun
Missiles
 p - 4 throwing nets (quivered)
 t - 105 arrows
 u - 34 poisoned needles
Armour
 z - +1 steam dragon scales (worn)
 A - a +2 pair of boots of flying (worn)
Jewellery
 c - a ring of protection from fire (left scythe-like blade)
 k - an uncursed ring of stealth
 q - an uncursed ring of magical power
 w - a ring of wizardry (right scythe-like blade)
 y - a +3 amulet of reflection (around neck)
Wands
 b - a wand of acid (12)
Scrolls
 g - a scroll of fog
 h - 4 scrolls of teleportation
 i - 3 scrolls of remove curse
Potions
 f - a potion of resistance
 j - a potion of mutation {unknown}
 l - 4 potions of brilliance {unknown}
 m - a potion of haste
 n - 2 potions of might
 r - a potion of curing
 x - 2 potions of ambrosia {unknown}
 B - 2 potions of lignification
 C - a potion of flight
Comestibles
 d - 7 rations


   Skills:
 + Level 6.1 Fighting
 - Level 2.4 Dodging
 + Level 7.3 Unarmed Combat
 - Level 2.1 Spellcasting
 - Level 2.1 Hexes
 * Level 9.5 Transmutations


You had 4 spell levels left.
You knew the following spells:

 Your Spells              Type           Power        Failure   Level  Hunger
b - Sticks to Snakes      Tmut           ####....     6%          2    ###....
c - Confusing Touch       Hex            #.....       21%         1    ##.....
d - Blade Hands           Tmut           ####......   26%         5    ######.

Your spell library contained the following spells:

 Spells                   Type           Power        Failure   Level  Hunger
 Beastly Appendage        Tmut           ####..       4%          1    ##.....
 Spider Form              Tmut/Pois      ##........   21%         3    ####...
 Freeze                   Ice            #...         36%         1    ##.....
 Confuse                  Hex            #.......     38%         3    ####...
 Ice Form                 Ice/Tmut       ##......     43%         4    #####..
 Petrify                  Tmut/Erth      ##......     43%         4    #####..
 Throw Frost              Conj/Ice       #.....       45%         2    ###....
 Gell's Gravitas          Tloc           #.........   61%         3    ####...
 Ozocubu's Armour         Chrm/Ice       #.......     61%         3    ####...
 Summon Ice Beast         Ice/Summ       #.......     89%         4    #####..
 Throw Icicle             Conj/Ice       #.......     89%         4    #####..
 Yara's Violent Unravell  Hex/Tmut       ###.......   58%         5    ######.
 Metabolic Englaciation   Hex/Ice        #.........   97%         5    ######.


Dungeon Overview and Level Annotations

Branches:
Dungeon (6/15)             Temple (0/1) D:6

Altars:
Gozag
Makhleb
Nemelex Xobeh
Vehumet
The Shining One

Shops:
D:4 *}:?   D:5 (


Innate Abilities, Weirdness & Mutations

You have razor-sharp teeth.
Your natural rate of healing is unusually fast.
When hurt, damage is shared between your health and your magic reserves.
Your bite disrupts and absorbs the magic of your enemies.
Potions cannot restore your health.
You are immune to rotting.


Message History

You hit the ooze. You bite the ooze.
You kill the ooze!
Makhleb accepts your kill.
A slime creature suddenly becomes a large slime creature.
Casting: Blade Hands (safe; 6% risk of failure)
Confirm with . or Enter, or press ? or * to list all spells.
Your hands turn into razor-sharp scythe blades.
You are feeling very hungry.
You barely miss the large slime creature.
You bite the large slime creature. You drain its power.
You feel invigorated.
The large slime creature is lightly wounded.
The large slime creature hits you!!
You slash the large slime creature! x2
The large slime creature is moderately wounded.
The large slime creature hits you!!
* * * LOW HITPOINT WARNING * * *
You see here a dagger.
The large slime creature hits you!!!
Ouch! That really hurt!
You die...

.........##..#############
# .......####### #######
......############.....÷#
......###......##JJ...P.#
..##..##.......#.#......#
.###..'........#J#...P÷.#
....(.'........#J#JJJ...#
..###.'......#'#J#...PP.#
..# #.##.....#.#@#.....÷#
..# #####....#.#.#....PP#
### #######.##÷..÷÷)# ###


You could see a large slime creature, a jelly and 2 oozes.

Vanquished Creatures
  Pikel (D:3)
  2 steam dragons (D:5)
  Eustachio (D:6)
  Menkaure (D:6)
  A water moccasin (D:5)
  A slave (D:3)
  An orc warrior (D:6)
  2 sky beasts (D:5)
  A phantom (D:6)
  3 ogres
  A centaur (D:6)
  4 big kobolds (D:6)
  A bullfrog (D:6)
  2 water moccasin skeletons
  A scorpion (D:5)
  2 howler monkeys (D:5)
  A crimson imp (D:5)
  2 hounds
  5 jellies (D:6)
  2 orc wizards (D:3)
  A bullfrog skeleton (D:5)
  2 iguanas
  4 worker ants
  A hound zombie (D:6)
  A worker ant zombie (D:5)
  9 gnolls
  7 adders
  A shadow imp (D:5)
  4 oozes
  4 worms
  2 dart slugs (D:3)
  8 leopard geckos
  15 orcs
  A ball python (D:3)
  2 giant cockroaches
  11 goblins
  8 hobgoblins
  4 jackals
  8 kobolds
  4 quokkas
  8 bats
  4 frilled lizards
  A giant cockroach zombie (D:6)
  A jackal skeleton (D:4)
  A quokka skeleton (D:6)
  6 rats
153 creatures vanquished.

Vanquished Creatures (collateral kills)
  An ogre (D:5)
  Blork the orc (D:5)
  2 orcs (D:3)
4 creatures vanquished.

Vanquished Creatures (others)
  3 fungi (D:5)
  10 toadstools (D:6)
13 creatures vanquished.

Grand Total: 170 creatures vanquished

Notes
Turn   | Place    | Note
-------+----------+-------------------------------------------
     0 | D:1      | mandick the Vine Stalker Transmuter began the quest for the
                  | Orb.
     0 | D:1      | Reached XP level 1. HP: 9/9 MP: 4/4
   122 | D:1      | Reached skill level 1 in Fighting
   430 | D:1      | Reached XP level 2. HP: 6/14 MP: 1/6
  1377 | D:2      | Reached XP level 3. HP: 9/18 MP: 3/7
  2381 | D:2      | Gained mutation: Your natural rate of healing is unusually
                  | fast. [Vine Stalker growth]
  2381 | D:2      | Reached XP level 4. HP: 23/23 MP: 6/8
  2405 | D:2      | Found a burning altar of Makhleb.
  2429 | D:2      | Became a worshipper of Makhleb the Destroyer
  2609 | D:2      | Reached skill level 3 in Transmutations
  2609 | D:2      | Reached XP level 5. HP: 14/26 MP: 3/9
  3144 | D:3      | Learned a level 2 spell: Sticks to Snakes
  3604 | D:3      | Reached * piety under Makhleb
  3697 | D:3      | Reached XP level 6. HP: 32/32 MP: 8/10
  3953 | D:4      | Found Azxaraats's Gadget Emporium.
  3985 | D:4      | Found Vebossyg's Magic Scroll Boutique.
  4183 | D:4      | Learned a level 1 spell: Confusing Touch
  4312 | D:4      | Noticed a slave
  4319 | D:4      | Noticed Pikel
  4322 | D:4      | Noticed a slave
  4323 | D:4      | Noticed a slave
  4341 | D:3      | Killed a slave
  4348 | D:4      | Noticed a slave
  4385 | D:3      | Killed Pikel
  4385 | D:3      | Reached skill level 5 in Transmutations
  4385 | D:3      | Reached XP level 7. HP: 36/36 MP: 8/11
  4666 | D:3      | Reached skill level 5 in Unarmed Combat
  4768 | D:4      | Found Seg Sidd's General Store.
  4954 | D:4      | Gained mutation: You have razor-sharp teeth. [Vine Stalker
                  | growth]
  4954 | D:4      | Reached XP level 8. HP: 42/42 MP: 12/12
  5130 | D:4      | Found Noent's Book Shoppe.
  5242 | D:5      | Entered Level 5 of the Dungeon
  5242 | D:5      | Found a glowing golden altar of the Shining One.
  5381 | D:5      | Reached skill level 6 in Transmutations
  5394 | D:5      | Noticed Blork the orc
  5423 | D:5      | Killed Blork the orc
  5464 | D:5      | Found Emehi's Weapon Emporium.
  5514 | D:5      | Reached ** piety under Makhleb
  5668 | D:5      | Reached skill level 7 in Transmutations
  5813 | D:5      | Learned a level 5 spell: Blade Hands
  5998 | D:5      | Reached skill level 5 in Fighting
  5998 | D:5      | Reached XP level 9. HP: 47/47 MP: 13/13
  6044 | D:5      | Reached skill level 8 in Transmutations
  6346 | D:6      | Found an opulent altar of Gozag.
  6449 | D:6      | Found a staircase to the Ecumenical Temple.
  6546 | D:6      | Found a sparkling altar of Nemelex Xobeh.
  6553 | D:6      | Noticed Eustachio
  6565 | D:6      | Killed Eustachio
  6828 | D:6      | Noticed Menkaure
  6840 | D:6      | Killed Menkaure
  6840 | D:6      | Reached skill level 9 in Transmutations
  6859 | D:6      | Reached *** piety under Makhleb
  7299 | D:6      | Found a radiant altar of Vehumet.
  7443 | D:6      | Annihilated by a large slime creature

Vault maps used:
D:1:      roderic_octagonal_star
D:2:      minmay_misc_feat_tiny, makhleb_heckhound_becter
D:3:      grunt_ministairs_2
D:4:      serial_shops, kennysheep_little_box, shop, shop,
          nicolae_shop_competitors_out_of_business, minivault_4, uniq_pikel
D:5:      kennysheep_steamy, serial_shops, shop, basic_altar, first_ration,
          uniq_blork_the_orc
D:6:      cheibrodos_fertilizer, lemuel_doored_altar,
          nicolae_gozag_cash_rules_everything_around_me,
          minmay_temple_entry_overgrown, basic_altar, roderic_lattice_a,
          uniq_menkaure, uniq_eustachio

Skill      XL: |  1  2  3  4  5  6  7  8  9 |
---------------+----------------------------+-----
Fighting       | 1 2 3 5 6 |  6.1
Dodging        | 2 |  2.4
Transmutations | 3 5 7 9 |  9.5
Unarmed Combat | 4 5 6 7 |  7.3
Hexes          | 2 |  2.1
Spellcasting   | |  2.1

Action                   |  1- 3 |  4- 6 |  7- 9 || total
-------------------------+-------+-------+-------++-------
Melee: Unarmed           |    97 |   180 |   275 ||   552
       Bite              |    21 |    51 |    82 ||   154
       Headbutt          |     3 |    11 |    17 ||    31
       Kick              |     1 |    10 |       ||    11
       Punch             |       |     3 |    16 ||    19
 Fire: Blowgun           |       |     2 |       ||     2
 Cast: Beastly Appendage |     6 |    10 |     9 ||    25
       Confusing Touch   |       |     2 |     2 ||     4
       Sticks to Snakes  |       |       |     8 ||     8
       Blade Hands       |       |       |    11 ||    11
 Abil: Stop Flying       |       |       |     1 ||     1
  Use: Scroll            |       |     5 |    12 ||    17
       Potion            |       |       |     1 ||     1
 Stab: Sleeping          |       |     6 |     1 ||     7
       Confused          |       |     1 |     5 ||     6
       Invisible         |       |       |     3 ||     3
  Eat: Chunk             |     5 |     5 |    16 ||    26
Armor: Robe              |    15 |    21 |    17 ||    53
       Steam dragon scal |       |       |    25 ||    25
Dodge: Dodged            |    75 |   118 |   169 ||   362
Block: Other             |       |     9 |    19 ||    28

Table legend:
 A = Non-vault XP
 B = Vault XP
 C = Vault XP percentage of total XP
 D = Non-vault monster count
 E = Vault monster count
 F = Vault count percentage of total count
                 A         B        C        D         E       F
            +---------+---------+-------+---------+---------+-------
      Total |    2572 |    2073 |  44.6 |     135 |      21 |  13.5
            +---------+---------+-------+---------+---------+-------
        D:1 |      22 |       0 |   0.0 |      14 |       0 |   0.0
        D:2 |     122 |      43 |  26.1 |      27 |       1 |   3.6
        D:3 |     230 |     666 |  74.3 |      34 |       3 |   8.1
        D:4 |     137 |       0 |   0.0 |      12 |       0 |   0.0
        D:5 |    1219 |     451 |  27.0 |      26 |       3 |  10.3
        D:6 |     842 |     913 |  52.0 |      22 |      14 |  38.9
            +---------+---------+-------+---------+---------+-------
